 Dungeon Crawl Stone Soup version 0.30-a0-1161-g0704695555 (webtiles) character file.

Game seed: 15380880303808299466

56 Orangeyouglad the Slasher (level 4, -3/36 HPs)
             Began as a Human Monk on Apr 27, 2023.
             Slain by a gnoll
             ... wielding a +0 spear
              (8 damage)
             ... on level 2 of the Dungeon.
             The game lasted 00:03:06 (1407 turns).

Orangeyouglad the Slasher (Human Monk)              Turns: 1407, Time: 00:03:07

Health: -3/36      AC:  3    Str: 13    XL:     4   Next: 15%
Magic:  4/4        EV: 13    Int: 10    God:
Gold:   84         SH:  0    Dex: 16    Spells: 3/3 levels left

rFire   . . .        a - +0 falchion
rCold   . . .        d - orb {light}
rNeg    . . .        b - +0 robe
rPois   .            h - +1 hat {SInv}
rElec   .            (no cloak)
rCorr   .            (no gloves)
SInv    +            (no boots)
Will    .....        (no amulet)
Stlth   +            (no ring)
HPRegen 0.26/turn    (no ring)
MPRegen 0.09/turn

%: no passive effects
@: glowing
A: no striking features
a: no special abilities


You were on level 2 of the Dungeon.
You visited 1 branch of the dungeon, and saw 2 of its levels.

You collected 84 gold pieces.

Inventory:

Hand Weapons
 a - a +0 falchion (weapon)
Missiles
 k - 2 boomerangs (quivered)
Armour
 b - a +0 robe (worn)
 d - an orb of light (worn)
 h - a +1 hat of see invisible (worn)
Scrolls
 e - a scroll of blinking {unknown}
 g - a scroll of silence {unknown}
 i - 2 scrolls of identify {unknown}
 m - a scroll of teleportation {unknown}
Potions
 f - a potion of curing {unknown}
 j - 2 potions of heal wounds {unknown}
 l - a potion of might {unknown}
 n - a potion of berserk rage {unknown}


   Skills:
 + Level 3.6 Fighting
 + Level 3.6 Long Blades
 + Level 3.6 Dodging


You had 3 spell levels left.
You didn't know any spells.
Your spell library contained the following spells:

 Spells                   Type           Power      Damage    Failure   Level
 Apportation              Tloc           0%         N/A       36%         1
 Magic Dart               Conj           0%         1d3       36%         1
 Call Imp                 Summ           0%         N/A       50%         2
 Mephitic Cloud           Conj/Pois/Air  0%         N/A       75%         3
 Alistair's Intoxication  Tmut/Pois      0%         N/A       100%        5


Dungeon Overview and Level Annotations

Branches:
Dungeon (2/15)

Altars:
Ru


Message History

You bump into the rock wall.
The gnoll closely misses you.
You bump into the rock wall.
The gnoll misses you.
You bump into the rock wall.
The gnoll misses you.
You hit the gnoll but do no damage.
The gnoll is lightly wounded.
You feel less invigorated.
You feel less confused. The gnoll closely misses you.
You hit the gnoll but do no damage.
The gnoll is lightly wounded.
The gnoll hits you but does no damage.
You hit the gnoll.
The gnoll is heavily wounded.
The gnoll barely misses you.
You hit the gnoll but do no damage.
The gnoll is heavily wounded.
The gnoll barely misses you. The gnoll closely misses you.
You hit the gnoll but do no damage.
The gnoll is heavily wounded.
The gnoll misses you.
The gnoll hits you from afar with a +0 spear.
The gnoll barely misses you. The gnoll completely misses you.
You hit the gnoll but do no damage.
The gnoll is heavily wounded.
The gnoll hits you with a +0 spear. The gnoll completely misses you.
You hit the gnoll but do no damage.
The gnoll is heavily wounded.
The gnoll completely misses you.
The gnoll hits you from afar with a +0 spear.
You hit the gnoll.
The gnoll is heavily wounded.
The gnoll hits you from afar with a +0 spear!
The gnoll hits you with a +0 spear!
You hit the gnoll.
The gnoll is severely wounded.
The gnoll barely misses you.
The gnoll hits you from afar with a +0 spear!
* * * LOW HITPOINT WARNING * * *
The gnoll hits you from afar with a +0 spear!
You die...

#.......#
#.รท.#
####....#
###.#
####.#
#.# #.#
... #.#
....
####.#
...#
#....# .#
#.####
#@# #)#
## #g#
#.#
#g####.#
#.....#
######.#
#.# .# .


You could see 2 gnolls.

Vanquished Creatures
  An adder (D:2)
  A gnoll (D:2)
  A worm (D:2)
  A dart slug (D:1)
  2 ball pythons
  3 bats
  2 endoplasms
  3 giant cockroaches
  A goblin (D:1)
  5 hobgoblins
  4 kobolds
  A quokka (D:2)
  4 frilled lizards
  3 rats
32 creatures vanquished.

Notes
Turn   | Place    | Note
-------+----------+-------------------------------------------
     0 | D:1      | Orangeyouglad the Human Monk began the quest for the Orb.
     0 | D:1      | Reached XP level 1. HP: 18/18 MP: 1/1
   128 | D:1      | Reached XP level 2. HP: 21/24 MP: 2/2
   405 | D:1      | Reached XP level 3. HP: 29/29 MP: 3/3
   891 | D:2      | Found a sacrificial altar of Ru.
  1390 | D:2      | Reached XP level 4. HP: 19/36 MP: 4/4
  1407 | D:2      | Slain by a gnoll

Illustrated notes

Levels and vault maps discovered:
D:1:      ncdulo_smallfort, layout_rooms
D:2:      layout_loops_cross, basic_altar

Action                     |  1- 3 |  4- 6 || total
---------------------------+-------+-------++-------
  Melee: Falchion          |   101 |    11 ||   112
  Throw: Boomerang         |     3 |       ||     3
    Use: Potion            |       |     1 ||     1
 Armour: Robe              |    25 |     1 ||    26
  Dodge: Dodged            |    69 |    14 ||    83

Table legend: (Time is in decaauts)
 A = Elapsed time spent in this place.
 B = Non-inter-level travel time spent in this place.
 C = Inter-level travel time spent in this place.
 D = Time resting spent in this place.
 E = Time spent auto-exploring this place.
 F = Levels seen in this place.
 G = Mean time per level.
                   A        B        C        D        E       F      G
               +--------+--------+--------+--------+--------+-----+--------+
         Total |   1421 |   1368 |     53 |    148 |    754 |   2 |  710.5 |
       Dungeon |   1421 |   1368 |     53 |    148 |    754 |   2 |  710.5 |
               +--------+--------+--------+--------+--------+-----+--------+

Top non-repeatable levels by time:
     D:2: 830 daAuts
     D:1: 591 daAuts
